[Event "*** Titled Tuesday Blitz"]
[Site "Chess.com"]
[Date "2020.05.19"]
[Round "5"]
[White "Filip_Covic"]
[Black "IAgrest"]
[Result "0-1"]
[WhiteElo "2395"]
[BlackElo "2253"]
[TimeControl "180+1"]
[EndTime "12:57:23 PDT"]
[Termination "IAgrest won on time"]

1. d4 Nf6 2. c4 g6 3. Nc3 Bg7 4. e4 d6 5. Nge2 O-O 6. Ng3 Nbd7 7. Be2 a6 8. h4 c5 9. d5 h5 10. Be3 Ne5 11. f3 Rb8 12. Qd2 Re8 13. O-O Bd7 14. a4 b6 15. Rfe1 Qc7 16. Bf1 Red8 17. Bg5 Be8 18. Nh1 Nh7 19. Bh6 Bf6 20. Qf4 e6 21.
Nf2 Qe7 22. g3 g5 23. hxg5 Nxg5 24. Bg2 Kh7 25. Qe3 Kxh6 26. f4 Nxc4 27. fxg5+ Bxg5 28. Qe2 b5 29. axb5 axb5 30. Bf3 Ne5 31. Bxh5 b4 32.
Ncd1 Bb5 33. Qc2 Kxh5 34. Kg2 Kg6 35. dxe6 fxe6 36. Nh3 Rh8 37. Nf4+ Kg7 38. Ne3 Qf7 39. Rf1 Qg8 0-1

[Event "*** Titled Tuesday Blitz"]
[Site "Chess.com"]
[Date "2020.05.19"]
[Round "5"]
[White "Everyfishknows"]
[Black "svilson23"]
[Result "1-0"]
[WhiteElo "2397"]
[BlackElo "2219"]
[TimeControl "180+1"]
[EndTime "12:57:23 PDT"]
[Termination "Everyfishknows won on time"]

1. Nf3 b6 2. d4 Bb7 3. c4 e6 4.
Nc3 f5 5. g3 Nf6 6. Bg2 Bb4 7.
O-O O-O 8. Qc2 Ne4 9. Bd2 Nxd2 10. Nxd2 Bxg2 11. Kxg2 f4 12. Qe4 Nc6 13. gxf4 Qh4 14. e3 Rf6 15. Nf3 Qh5 16. Ne2 Rg6+ 17. Ng3 Rf8 18. Ne5 Nxe5 19. dxe5 Be7 20. Rad1 d6 21. exd6 cxd6 22. Qxe6+ Rf7 23. Qe4 Qh4 24. Rd5 Rh6 25.
Rh1 Qh3+ 26. Kg1 Bh4 27. Qg2 Qe6 28. Qe4 Qh3 29. Qg2 Qe6 30. Kf1 Bf6 31. Ke2 Bxb2 32. Rhd1 Ba3 33. Qe4 Qg4+ 34. Qf3 Qe6 35. Qe4 Qg4+ 36. Qf3 Qe6 37. Nf1 Qf5 38. Rxf5 Rxf5 39.
Qe4 1-0

[Event "*** Titled Tuesday Blitz"]
[Site "Chess.com"]
[Date "2020.05.19"]
[Round "5"]
[White "Chuchofrio1"]
[Black "GameOverBro"]
[Result "0-1"]
[WhiteElo "2254"]
[BlackElo "2513"]
[TimeControl "180+1"]
[EndTime "12:57:24 PDT"]
[Termination "GameOverBro won on time"]

1. d4 d6 2. c4 Nf6 3. Nc3 Nbd7 4. e4 e5 5. Nf3 c6 6. Be2 Be7 7. O-O a5 8. b3 O-O 9. Bb2 Qc7 10. Rc1 Re8 11. Nb1 exd4 12. Bxd4 Nxe4 13. Bd3 Ndc5 14. Bc2 Bg4 15. Nc3 Bf6 16. Nxe4 Nxe4 17. Re1 Bxd4 18.
Qxd4 Bxf3 19. gxf3 Nf6 20. Qh4 Qd7 21. Kh1 Rxe1+ 22.
Rxe1 Re8 23. Rg1 Qe6 24. Qh6 g6 25. f4 Qe2 26. Bd1 Qxf2 27. Qg5 Re1 28. f5 Rxd1 29.
Rxd1 Qf3+ 30. Kg1 Qxd1+ 31. Kg2 Qe2+ 32. Kg1 Qd1+ 33. Kg2 Qc2+ 34. Kg1 Qb1+ 35. Kg2 Qxa2+ 36. Kg1 Qb1+ 37. Kg2 Qxf5 38. Qe3 Ne4 39. h3 b5 40. Qb6 a4 41. Qd8+ Kg7 42. Qh4 axb3 43. cxb5 cxb5 44. Qe1 b2 45. h4 b1=Q 46. Qxb1 Qf2+ 0-1

[Event "*** Titled Tuesday Blitz"]
[Site "Chess.com"]
[Date "2020.05.19"]
[Round "5"]
[White "Gentle_Emperor"]
[Black "Azoulas1"]
[Result "1-0"]
[WhiteElo "2294"]
[BlackElo "1957"]
[TimeControl "180+1"]
[EndTime "12:57:25 PDT"]
[Termination "Gentle_Emperor won by checkmate"]

1. d4 Nf6 2. Bf4 e6 3. e3 d5 4. Nf3 c5 5. Nc3 Nc6 6. Nb5 Kd7 7. Nc7 Rb8 8. Ne5+ Nxe5 9. Bxe5 Bd6 10. Bxd6 Kxd6 11.
Nb5+ Kd7 12. dxc5 Qa5+ 13. c3 a6 14. b4 Qd8 15. Nd6 Ke7 16. Qd4 Bd7 17. g4 h6 18.
Bd3 Bc6 19. f4 Ne4 20. Bxe4 dxe4 21. Qxg7 Qg8 22. Nf5+ exf5 23. Qe5+ Kf8 24. Qxb8+ Ke7 25. Qe5+ Kd7 26. O-O-O+ Kc8 27. Qxf5+ Kb8 28. h3 f6 29.
Kb2 Qc4 30. Rd2 Rc8 31. Qxf6 a5 32. Qd4 Qb5 33. Qd6+ Ka7 34. Qd4 a4 35. a3 Rc7 36.
c4 Qa6 37. b5 Bxb5 38. cxb5 Qxb5+ 39. Qb4 Qc6 40. Rc1 Ka6 41. Rd6 h5 42. Rxc6+ Rxc6 43. Qxa4# 1-0

[Event "*** Titled Tuesday Blitz"]
[Site "Chess.com"]
[Date "2020.05.19"]
[Round "5"]
[White "Natalya_Buksa"]
[Black "Kolle05"]
[Result "1-0"]
[WhiteElo "2563"]
[BlackElo "2397"]
[TimeControl "180+1"]
[EndTime "12:57:26 PDT"]
[Termination "Natalya_Buksa won on time"]

1. d4 Nf6 2. Nc3 d5 3. Bf4 g6 4. e3 Bg7 5. Nf3 O-O 6. h4 h5 7. Be2 c5 8. Ne5 Nc6 9. a3 cxd4 10. exd4 Qb6 11. Nxc6 bxc6 12. Be5 Qxb2 13. Na4 Qb7 14. O-O Bf5 15. Nc5 Qb2 16. Bd3 Bxd3 17. cxd3 Ng4 18.
Bxg7 Kxg7 19. Qa4 e5 20. Nd7 Rfe8 21. dxe5 Re6 22. Rac1 Rd8 23. Rxc6 Re7 24. e6 fxe6 25. Nc5 Qe5 26. g3 Rf8 27. d4 Qe2 28. Qd1 Rxf2 29. Qxe2 Rxe2 30. a4 Re3 31. Kg2 Re2+ 32. Kg1 Nf6 33. a5 Re3 34. Kg2 Kh6 35. Rxf6 Re2+ 36.
Rf2 Re3 37. a6 Kg7 38. Rc8 Ra3 39. Rb8 Rc3 40. Rb7 1-0

[Event "*** Titled Tuesday Blitz"]
[Site "Chess.com"]
[Date "2020.05.19"]
[Round "5"]
[White "2L8IWUN"]
[Black "MariaFominykh"]
[Result "1-0"]
[WhiteElo "2539"]
[BlackElo "2365"]
[TimeControl "180+1"]
[EndTime "12:57:26 PDT"]
[Termination "2L8IWUN won on time"]

1. Nf3 Nf6 2. d4 g6 3. g3 Bg7 4. Bg2 O-O 5. O-O d6 6. b3 a5 7. Nc3 c6 8. e4 Nbd7 9. h3 e5 10. Be3 Re8 11. a4 h6 12. Qd2 Kh7 13. Rad1 Qc7 14.
Rfe1 Nf8 15. dxe5 dxe5 16. Bc5 N6d7 17. Bd6 Qb6 18. Bf1 Nc5 19. Bc4 Bxh3 20. Bxf7 Red8 21. Qe3 Nfd7 22. Be7 Rdc8 23. Kh2 Bg4 24. Kg2 Na6 25. Qe2 Rf8 26. Bxf8 Rxf8 27. Bxg6+ Kxg6 28. Nh4+ Kg5 29. Qd2+ Kf6 30. Qd6+ Be6 31. f4 Qc5 32. fxe5+ Qxe5 33. Rf1+ Kg5 34. Qd2+ Kh5 35. Rh1 Qxc3 36. Nf3+ Kg6 37.
Qe2 Qxf3+ 38. Qxf3 Rxf3 39. Kxf3 Ne5+ 40. Ke2 Nc5 41. Rd6 1-0

[Event "*** Titled Tuesday Blitz"]
[Site "Chess.com"]
[Date "2020.05.19"]
[Round "5"]
[White "JozefKneht"]
[Black "Djager97"]
[Result "0-1"]
[WhiteElo "2501"]
[BlackElo "2369"]
[TimeControl "180+1"]
[EndTime "12:57:27 PDT"]
[Termination "Djager97 won on time"]

1. e4 e5 2. Nf3 Nc6 3. Bb5 a6 4. Ba4 Nf6 5. O-O Be7 6. Re1 b5 7. Bb3 d6 8. c3 O-O 9. h3 Nb8 10. d4 Nbd7 11. Nbd2 Bb7 12. Bc2 Re8 13. Nf1 Bf8 14.
Ng3 g6 15. a4 exd4 16. cxd4 c5 17. d5 Bg7 18. Bf4 Nb6 19. a5 Nc4 20. b3 Nxa5 21. Qd2 b4 22. Bh6 Bc8 23. Qg5 c4 24. Bxg7 Kxg7 25.
Nd4 Nxb3 26. Bxb3 cxb3 27. Rab1 a5 28. Rxb3 Re5 29. Ndf5+ Bxf5 30. Nxf5+ Kh8 31. f4 Rxe4 32. Rc1 gxf5 33. Qxf5 Qe7 34. Kh2 Rg8 35. Rb2 h6 36. Rbc2 Nd7 37. Rc7 Re2 0-1

[Event "*** Titled Tuesday Blitz"]
[Site "Chess.com"]
[Date "2020.05.19"]
[Round "5"]
[White "Keithonsky"]
[Black "Vesper2018"]
[Result "0-1"]
[WhiteElo "2408"]
[BlackElo "2255"]
[TimeControl "180+1"]
[EndTime "12:57:27 PDT"]
[Termination "Vesper2018 won by resignation"]

1. d4 Nf6 2. c4 g6 3. Nc3 Bg7 4.
e4 d6 5. Bd3 O-O 6. Nge2 e5 7. d5 Na6 8. O-O Nc5 9. Bc2 a5 10.
a3 Bd7 11. Rb1 a4 12. f3 Ne8 13. Be3 f5 14. exf5 gxf5 15. f4 e4 16. Nd4 Nf6 17.
h3 c6 18. dxc6 bxc6 19. Nxa4 Nd3 20. Nc3 c5 21. Ndb5 Bc6 22. Bxd3 exd3 23. Qxd3 Ne4 24. Nd5 Qh4 25. Nbc7 Ra7 26. Ne6 Re8 27. Ng5 Kh8 28. b4 Nxg5 29. fxg5 Bxd5 30. cxd5 Rxe3 31. Qxf5 Re8 32. bxc5 dxc5 33. d6 Qd4+ 34. Kh1 Qxd6 35. Rbd1 Qe7 36. Rd3 Rf8 37. Rdf3 Rxf5 38. Rxf5 c4 39.
h4 c3 40. h5 Ra8 41. h6 Bd4 42. Rf7 Qxg5 43. Rf8+ Qg8 44. Rxg8+ Kxg8 45. Rc1 Rc8 46.
Rc2 Kf7 47. g4 Ke6 48. Kg2 Ke5 49. Kf3 Ra8 50. Re2+ Kd5 51. Re7 Rc8 52. Rd7+ Ke5 53. Rxh7 c2 54. Re7+ Kd6 55. Re1 c1=Q 56. Rxc1 Rxc1 57.
g5 Rh1 58. Kf4 Ke6 59. g6 Rxh6 0-1

[Event "*** Titled Tuesday Blitz"]
[Site "Chess.com"]
[Date "2020.05.19"]
[Round "5"]
[White "Zmeeed63"]
[Black "JLRHei"]
[Result "0-1"]
[WhiteElo "2188"]
[BlackElo "2338"]
[TimeControl "180+1"]
[EndTime "12:57:27 PDT"]
[Termination "JLRHei won by checkmate"]

1. d4 Nf6 2. c4 c5 3. d5 e6 4. Nc3 exd5 5. cxd5 d6 6. Nf3 g6 7.
Bf4 Nh5 8. Bg5 Be7 9. Bh6 Bg4 10. Qa4+ Bd7 11. Qb3 b6 12. e4 Bf8 13. Bxf8 Kxf8 14. e5 dxe5 15. O-O-O f6 16. h3 h6 17. Nh4 Kg7 18. Qc2 f5 19. Nf3 Qf6 20. Rg1 e4 21. g4 exf3 22. gxh5 g5 23. h4 Rd8 24. hxg5 hxg5 25.
Qd2 Kh6 26. Re1 b5 27. Nxb5 Na6 28. Qc2 Nb4 29. Qb3 a5 30. a3 a4 31. Qxf3 Rac8 32. axb4 cxb4+ 33. Kb1 a3 34. bxa3 bxa3 35. Qxa3 Rb8 36.
Qc5 Rdc8 37. Qa7 Bxb5 38. Bxb5 Rxb5+ 39. Ka2 Qb2# 0-1

[Event "*** Titled Tuesday Blitz"]
[Site "Chess.com"]
[Date "2020.05.19"]
[Round "5"]
[White "LionTheLeon_06"]
[Black "BocharovD"]
[Result "0-1"]
[WhiteElo "2685"]
[BlackElo "2850"]
[TimeControl "180+1"]
[EndTime "12:57:28 PDT"]
[Termination "BocharovD won by resignation"]

1. Nf3 c5 2. g3 Nc6 3. Bg2 g6 4. O-O Bg7 5. c3 e5 6. e4 Nge7 7. d3 O-O 8. Nbd2 h6 9. Nc4 d6 10. a4 Be6 11. Nh4 Qd7 12. Qe2 Rae8 13. Ne3 d5 14. exd5 Nxd5 15. Nc4 Nb6 16. Be3 Nxc4 17. dxc4 g5 18. Nf3 Bg4 19. h3 Bxh3 20. Bxc5 e4 21. Nd4 Bxd4 22. cxd4 Nxd4 23. Qd1 Rd8 24. Bxf8 Kxf8 25. Qh5 Bxg2 26. Kxg2 Qe6 27. Rad1 Kg7 28. Rfe1 Rd7 29. Rd2 Nf3 30. Rxd7 Nxe1+ 31. Kf1 Qxd7 32. Kxe1 Qd3 33. Qe2 Qb1+ 34. Qd1 Qxd1+ 35. Kxd1 a5 36. g4 Kf6 37. c5 Ke5 38. Kd2 Kd5 39. Ke3 Kxc5 40. Kxe4 Kb4 41. Kf5 Kxa4 42. Kf6 Kb3 43.
Kxf7 Kxb2 44. Kg7 a4 45. Kxh6 a3 46. Kxg5 0-1

[Event "*** Titled Tuesday Blitz"]
[Site "Chess.com"]
[Date "2020.05.19"]
[Round "5"]
[White "sopo-tereladze"]
[Black "politeplayer"]
[Result "0-1"]
[WhiteElo "2324"]
[BlackElo "2213"]
[TimeControl "180+1"]
[EndTime "12:57:28 PDT"]
[Termination "politeplayer won by resignation"]

1. e4 c5 2. Nf3 d6 3. d4 cxd4 4. Qxd4 Nf6 5. Bg5 Nc6 6. Bb5 Bd7 7. Bxc6 Bxc6 8. Nc3 e6 9. O-O-O Be7 10. Rhe1 O-O 11. Kb1 Qa5 12. Qd2 Qa6 13. Nd4 Rfc8 14. g4 b5 15. Bxf6 Bxf6 16. g5 Be7 17. f3 b4 18.
Nce2 Rab8 19. Nxc6 Qxc6 20. Nd4 Qc5 21. f4 a5 22. f5 e5 23. Nb3 Qc7 24. f6 Bf8 25. fxg7 Bxg7 26. Nc1 a4 27. Rf1 a3 28. b3 d5 29. exd5 e4 30. d6 Qc5 31. Ne2 e3 32. Qd3 Qe5 33. Nd4 Rc3 34. Qe2 Qxd6 35. Nf5 Qe5 36.
Nxg7 Kxg7 37. Rd3 Rbc8 38. Rd7 Rxc2 39. Rdxf7+ Kg8 40. Qxc2 Rxc2 41. Kxc2 Qc3+ 0-1

[Event "*** Titled Tuesday Blitz"]
[Site "Chess.com"]
[Date "2020.05.19"]
[Round "5"]
[White "kot60"]
[Black "doons21"]
[Result "0-1"]
[WhiteElo "2382"]
[BlackElo "2549"]
[TimeControl "180+1"]
[EndTime "12:57:29 PDT"]
[Termination "doons21 won on time"]

1. e4 e6 2. d4 d5 3. Nd2 Nc6 4. exd5 Nxd4 5. dxe6 Bxe6 6. Ngf3 Nf6 7. c3 Nxf3+ 8.
Qxf3 c6 9. Ne4 Nxe4 10. Qxe4 Qd5 11. Qxd5 Bxd5 12. Be3 Be7 13. f3 O-O 14. Bd3 Bh4+ 15. Bf2 Rfe8+ 16. Kf1 Bf6 17. a3 a5 18. Rd1 Bb3 19.
Rd2 Bg5 20. Re2 Bc1 21. Bd4 a4 22. Kf2 Rxe2+ 23. Bxe2 Bxb2 24. Re1 Re8 25. Bd3 Rxe1 26. Kxe1 Bxa3 27. Kd2 Bb2 28. Bc2 b5 29. Bc5 f6 30.
Bb4 Kf7 31. Bxb3+ axb3 32. Kd3 Ke6 33. Bf8 g6 34. g4 Kd5 35. h4 c5 36. h5 c4+ 37.
Kd2 gxh5 38. gxh5 Ke6 39. Bh6 Kf5 40. Be3 Ke5 41. Bd4+ Ke6 42. Be3 f5 43. Bd4 Kd5 44. Bg7 b4 45. h6 Bxc3+ 46. Kd1 Bd4 47. Kc1 c3 0-1

[Event "*** Titled Tuesday Blitz"]
[Site "Chess.com"]
[Date "2020.05.19"]
[Round "5"]
[White "Kotofeyca"]
[Black "MikeSailer"]
[Result "0-1"]
[WhiteElo "2403"]
[BlackElo "2075"]
[TimeControl "180+1"]
[EndTime "12:57:29 PDT"]
[Termination "MikeSailer won by resignation"]

1. d4 d5 2. c4 Bf5 3. cxd5 Bxb1 4. Qa4+ c6 5. Rxb1 Qxd5 6. Nf3 Nf6 7. a3 Nbd7 8. g3 e5 9. Bg2 exd4 10. O-O Qh5 11. Nxd4 Bc5 12. e4 O-O 13. Nf5 Ne5 14. Qc2 Bb6 15. Bf4 Nf3+ 16. Bxf3 Qxf3 17. Rbe1 Rfe8 18. Nd6 Re7 19. Qe2 Qxe2 20. Rxe2 Nd5 21. Rfe1 Nxf4 22. gxf4 Rd8 23. e5 f6 24. Nc4 Bd4 25. exf6 Rxe2 26.
Rxe2 gxf6 27. Re7 b5 28. Ne3 Bxb2 29. Rxa7 Bd4 30. Nf5 Bxa7 31. Ne7+ Kf7 32. Nxc6 Bb6 33. Nxd8+ Bxd8 34. Kg2 Ke6 35. Kf3 Kf5 36. Ke3 Bc7 37.
h3 Bxf4+ 0-1

[Event "*** Titled Tuesday Blitz"]
[Site "Chess.com"]
[Date "2020.05.19"]
[Round "5"]
[White "boasovietica"]
[Black "BakaPG"]
[Result "0-1"]
[WhiteElo "2393"]
[BlackElo "2613"]
[TimeControl "180+1"]
[EndTime "12:57:30 PDT"]
[Termination "BakaPG won on time"]

1. e4 e6 2. Qe2 c5 3. Nf3 Nc6 4. g3 Nge7 5. Bg2 d5 6. O-O g6 7. d3 Bg7 8. e5 h6 9. h4 Nf5 10. Bf4 b5 11. Nbd2 b4 12. a3 a5 13.
axb4 cxb4 14. Nb3 O-O 15. c3 bxc3 16. bxc3 a4 17. Nbd4 Ncxd4 18. Nxd4 Nxd4 19. cxd4 Bd7 20. h5 g5 21. Bd2 f5 22. exf6 Qxf6 23. Bb4 Rfc8 24.
Bc5 Bf8 25. Qe3 a3 26. Rfc1 a2 27. Bf3 Bg7 28. Bd1 Rxc5 29. dxc5 Qxa1 30. Rxa1 Bxa1 31. c6 Bd4 32. Qxd4 a1=Q 33. Qxa1 Rxa1 34. cxd7 Ra8 35. Ba4 Kf7 36. Bb5 Ra1+ 37. Kg2 Ke7 38. f4 g4 39. d4 Rd1 40. Be2 Rd2 41. Kf1 Kxd7 42. Bxg4 Ke7 43. Be2 Rxd4 44. Kf2 Kf6 0-1

[Event "*** Titled Tuesday Blitz"]
[Site "Chess.com"]
[Date "2020.05.19"]
[Round "5"]
[White "agrigo3"]
[Black "2008king"]
[Result "0-1"]
[WhiteElo "2264"]
[BlackElo "2067"]
[TimeControl "180+1"]
[EndTime "12:57:30 PDT"]
[Termination "2008king won by resignation"]

1. Nf3 d5 2. g3 c6 3. Bg2 Bg4 4. O-O Nf6 5. d3 Nbd7 6. Nbd2 e5 7. e4 d4 8. h3 Bxf3 9. Nxf3 Bd6 10. Nh4 g6 11. Bh6 Qe7 12. c3 dxc3 13. bxc3 O-O-O 14. Rb1 Nc5 15. Qc2 Bc7 16. Rfd1 Rhe8 17. Nf3 Ng8 18.
d4 Nxh6 19. dxc5 Qxc5 20. Rxd8+ Rxd8 21. Qb3 Bb6 22. Rb2 Kb8 23. Kh2 f5 24. Ng5 Qe7 25.
Nf3 fxe4 26. Nd2 Nf5 27. Nxe4 Nd6 28. a4 Nxe4 29. Bxe4 Qc7 30. Qc4 Rf8 31. Qe2 Rxf2+ 32. Qxf2 Bxf2 33. Rxf2 Qa5 34. Rf8+ Kc7 35. Rf7+ Kb6 36.
Rxh7 Qxc3 37. Bxg6 Qd2+ 38. Kg1 Qe1+ 39. Kg2 Qe2+ 40.
Kg1 c5 41. h4 c4 42. h5 c3 43. h6 Qd1+ 44. Kg2 c2 45. Kh3 c1=Q 46. Rf7 Qxh6+ 47.
Kg2 Qe2+ 48. Rf2 Qxf2+ 49. Kxf2 Qxg6 50. Kf3 Ka5 51. Ke3 Kxa4 52. Kf3 b5 53. g4 b4 54.
Kg3 b3 55. g5 Qxg5+ 56. Kf3 Qf4+ 0-1

[Event "*** Titled Tuesday Blitz"]
[Site "Chess.com"]
[Date "2020.05.19"]
[Round "5"]
[White "Quaternitychess"]
[Black "MrTattaglia"]
[Result "0-1"]
[WhiteElo "2794"]
[BlackElo "3033"]
[TimeControl "180+1"]
[EndTime "12:57:31 PDT"]
[Termination "MrTattaglia won by checkmate"]

1. e4 e5 2. Nf3 Nc6 3. d4 exd4 4.
Nxd4 Nf6 5. Nxc6 bxc6 6. e5 Qe7 7. Qe2 Nd5 8. h4 Qe6 9. Nd2 a5 10. Nf3 Ba6 11. Qd1 Bxf1 12. Kxf1 h6 13. c4 Nb6 14. b3 a4 15. Bb2 Bc5 16. g3 O-O 17. Kg2 Rfb8 18. Qc2 Nc8 19. Rad1 axb3 20. axb3 Ne7 21. Rd3 Re8 22. Rhd1 d6 23. exd6 cxd6 24. Re1 Qg6 25. Qc3 Nf5 26. Rdd1 Bxf2 27. Kxf2 Qxg3+ 28. Kf1 Qh3+ 29. Kf2 Qg3+ 30. Kf1 Re6 31. Rxe6 fxe6 32. Rd2 Rf8 33. Rf2 e5 34. c5 Nd4 35. cxd6 Nxf3 36. Ke2 Nd4+ 37. Kd1 Qxf2 38. Qc4+ Kh7 39. Bxd4 exd4 40.
d7 Qf3+ 41. Kc2 Qd5 42. Kb2 Qxc4 43. bxc4 Rd8 44. Kb3 Rxd7 45. c5 d3 46. Kb4 d2 47.
Ka5 Rb7 48. Ka6 Rb5 49. Ka7 d1=Q 50. Ka6 Qa1# 0-1

[Event "*** Titled Tuesday Blitz"]
[Site "Chess.com"]
[Date "2020.05.19"]
[Round "5"]
[White "OparinGrigoriy"]
[Black "DaggiGretarsson"]
[Result "1-0"]
[WhiteElo "2904"]
[BlackElo "2613"]
[TimeControl "180+1"]
[EndTime "12:57:32 PDT"]
[Termination "OparinGrigoriy won on time"]

1. d4 g6 2. e4 Bg7 3. Nf3 d6 4.
Bd3 Nf6 5. O-O O-O 6. Re1 c5 7. dxc5 dxc5 8. e5 Nd5 9. a3 Nc6 10. h3 h6 11. Qe2 Qc7 12. c4 Nb6 13. Nc3 Be6 14. Bf4 Rad8 15. Rad1 Rd7 16. b3 Rfd8 17. Bg3 a6 18. Ne4 Nd4 19. Nxd4 Rxd4 20. Nc3 R8d7 21. Bc2 Qd8 22. Rxd4 Rxd4 23. Rd1 Nd7 24. f4 Qa5 25. Nb1 Rxd1+ 26. Qxd1 b5 27. cxb5 axb5 28. Bf2 c4 29. b4 Qc7 30. Nc3 Qb8 31. Qd4 g5 32. g3 Bxh3 33. Qa7 Qd8 34. Nxb5 Nxe5 35. Kh2 Qd2 36. fxe5 Qxc2 37. Kxh3 Bxe5 38. Qe3 f6 39. Kg2 h5 40. Qf3 g4 41. Qd5+ Kg7 42. Nd4 1-0

[Event "*** Titled Tuesday Blitz"]
[Site "Chess.com"]
[Date "2020.05.19"]
[Round "5"]
[White "rynos0411"]
[Black "DinaBelenkaya"]
[Result "1-0"]
[WhiteElo "2340"]
[BlackElo "2197"]
[TimeControl "180+1"]
[EndTime "12:57:32 PDT"]
[Termination "rynos0411 won by resignation"]

1. d4 Nf6 2. c4 c5 3. d5 e5 4. Nc3 d6 5. e4 Be7 6. Bd3 Nbd7 7. Nge2 Nf8 8. a3 a5 9. Rb1 Bd7 10. h3 h5 11. f4 exf4 12. Nxf4 h4 13. O-O g5 14. Nfe2 g4 15. Kh2 Ng6 16. b4 axb4 17.
axb4 cxb4 18. Rxb4 Qc8 19. Ng1 Nh5 20. Nb5 Ng3 21.
Rf2 Nxe4 22. Re2 g3+ 23. Kh1 Nf2+ 24. Rxf2 gxf2 25. Nf3 Bxh3 26. Qe2 Bxg2+ 27. Kxg2 h3+ 28. Kh2 Qg4 29. Qxf2 Nf4 30. Bf1 Ra1 31. Be3 Ng2 32. Rb2 Nxe3 33. Qxe3 Rxf1 34. Nc7+ Kf8 35. Rf2 Re1 36.
Qxe1 Qf4+ 37. Kh1 h2 38. Qf1 Qe4 39. Qg2 Rg8 40. Nd2 Qf3 41. Qxf3 Rg1+ 42. Kxh2 1-0

[Event "*** Titled Tuesday Blitz"]
[Site "Chess.com"]
[Date "2020.05.19"]
[Round "5"]
[White "Lali-Rustavi"]
[Black "CalinGheorghiu"]
[Result "0-1"]
[WhiteElo "1884"]
[BlackElo "2283"]
[TimeControl "180+1"]
[EndTime "12:57:33 PDT"]
[Termination "CalinGheorghiu won by checkmate"]

1. e4 c5 2. Nc3 d6 3. f4 g6 4.
Nf3 Bg7 5. Bc4 Nc6 6. f5 e6 7. fxe6 fxe6 8. O-O Nf6 9. d3 O-O 10. Bg5 h6 11. Bh4 Ne5 12. Nxe5 dxe5 13. Qe2 a6 14. a4 Rb8 15. a5 Qd6 16. Bxf6 Bxf6 17. Qg4 Kg7 18. Rf3 Bd7 19. h4 h5 20. Qg3 b5 21. axb6 Rxb6 22. Bb3 Bb5 23. Nd1 Qd4+ 24.
Kh1 c4 25. c3 Qd7 26. dxc4 Bc6 27. Bc2 Qb7 28. b4 Bxe4 29. Bxe4 Qxe4 30. Ne3 Bxh4 31. Qh3 Rxf3 32. gxf3 Qxe3 33. Qxh4 Qxf3+ 34. Kh2 Qf4+ 35. Qxf4 exf4 36. c5 Rc6 37. Rd1 Kf6 38. Kg2 g5 39. Rd6 Rxd6 40. cxd6 e5 41. c4 Ke6 42. c5 e4 43. Kf2 g4 44. Kg2 h4 45. Kf2 h3 46.
Kg1 g3 47. Kh1 f3 48. d7 Kxd7 49. c6+ Kxc6 50. b5+ Kxb5 51. Kg1 e3 52. Kh1 e2 53. Kg1 e1=Q# 0-1

[Event "*** Titled Tuesday Blitz"]
[Site "Chess.com"]
[Date "2020.05.19"]
[Round "5"]
[White "PauloFanha"]
[Black "fridaywins"]
[Result "0-1"]
[WhiteElo "1954"]
[BlackElo "2244"]
[TimeControl "180+1"]
[EndTime "12:57:33 PDT"]
[Termination "fridaywins won on time"]

1. e4 e5 2. Bc4 Nf6 3. d4 Nc6 4. Nf3 Nxe4 5. dxe5 Nc5 6. O-O Ne6 7. Nc3 Be7 8. Re1 O-O 9. Be3 f5 10. exf6 Bxf6 11.
Rb1 Kh8 12. Nd5 Ne5 13. Nxf6 Qxf6 14. Nxe5 Qxe5 15. Bxe6 dxe6 16. a3 b6 17. Bxb6 Qf4 18.
Bc5 Bb7 19. Bxf8 Rxf8 20. Qe2 h5 21. Qxh5+ Kg8 22. Re2 Ba6 23. Rbe1 Bxe2 24. Qxe2 Rf6 25. Qe3 Qc4 26. c3 a5 27. Qd4 Qb3 28. Qd8+ Kh7 29. Qxc7 Qxb2 30. Qg3 Qd2 31. f3 Qd3 32. Qh3+ Kg6 33.
Rxe6 Qd1+ 34. Kf2 Qd2+ 35. Kg3 Qg5+ 36. Kf2 Qd2+ 37. Kg3 Qxc3 38. Qg4+ Kf7 0-1

[Event "*** Titled Tuesday Blitz"]
[Site "Chess.com"]
[Date "2020.05.19"]
[Round "5"]
[White "lili_ani"]
[Black "TigrVShlyape"]
[Result "0-1"]
[WhiteElo "2579"]
[BlackElo "2813"]
[TimeControl "180+1"]
[EndTime "12:57:35 PDT"]
[Termination "TigrVShlyape won on time"]

1. d4 Nf6 2. Bg5 d5 3. Nd2 Bf5 4. e3 e6 5. Ngf3 Nbd7 6. Bd3 Bg6 7. Ne5 Be7 8. Nxg6 hxg6 9. O-O c6 10. c3 e5 11. f4 e4 12. Be2 Ng8 13. Bxe7 Nxe7 14.
Qe1 Nf5 15. Qf2 Qh4 16. g3 Qh3 17. Rfe1 Nf6 18. Nf1 Ng4 19. Bxg4 Qxg4 20. Qe2 Qh3 21. Qg2 Ke7 22. Rac1 Nd6 23. b3 Qe6 24. Re2 a5 25. Rec2 a4 26. c4 axb3 27. axb3 Rhd8 28. cxd5 cxd5 29.
Rc5 Rdc8 30. Qd2 b6 31. Rc6 Rxc6 32. Rxc6 Qd7 33. Rxb6 Qc7 34. Qb4 Ra1 35. Qc5 Kd7 36. Kg2 Ra2+ 37. Kh3 Rf2 38. Ra6 Qxc5 39. dxc5 Nb5 40.
Rb6 Nc7 41. Rd6+ Ke7 42. b4 Rxf1 43. Rc6 Kd7 44. Rd6+ Kc8 45. Rb6 Rb1 0-1

[Event "*** Titled Tuesday Blitz"]
[Site "Chess.com"]
[Date "2020.05.19"]
[Round "5"]
[White "lucliasco"]
[Black "Matveev_Vladimir"]
[Result "1-0"]
[WhiteElo "2662"]
[BlackElo "2489"]
[TimeControl "180+1"]
[EndTime "12:57:35 PDT"]
[Termination "lucliasco won by resignation"]

1. d4 Nf6 2. Bg5 g6 3. Bxf6 exf6 4. e3 f5 5. h4 h5 6. c4 d6 7. Nc3 Nd7 8. Nf3 Nf6 9. Bd3 Bh6 10. O-O Ng4 11. g3 O-O 12. Ne2 Re8 13. b4 b6 14.
d5 a5 15. b5 Qf6 16. Nf4 Ne5 17. Be2 Nxf3+ 18. Bxf3 Bd7 19. Rc1 Re7 20. Kg2 Rae8 21. Rc2 Bc8 22. Ne2 Bd7 23. Nd4 Bg7 24. Re1 f4 25. gxf4 Qxh4 26. Rh1 Qf6 27. Nc6 Bxc6 28. dxc6 Qf5 29. Bd5 Kf8 30. Re2 Qg4+ 31. Kf1 h4 32.
Rd2 Qxd1+ 33. Rxd1 Bf6 34. Kg2 Kg7 35. a4 Rh8 36. Rh3 Rh5 37. Kf3 Re8 38. Rg1 Kf8 39. Rg4 Ke7 40. Kg2 Reh8 41. Rh1 R8h7 42. Kh3 Rh8 43.
Rd1 R8h7 44. Bf3 R5h6 45. Rgg1 Rh8 46. Bg4 Bg7 47. e4 Bc3 48. Rd3 Bb4 49. e5 Rd8 50.
Rgd1 Rhh8 51. Bd7 dxe5 52. fxe5 Bc5 53. f4 Rdg8 54. Bg4 Rd8 55. Rd7+ Rxd7 56. Rxd7+ Kf8 57. Rxc7 Kg7 58. e6 1-0

[Event "*** Titled Tuesday Blitz"]
[Site "Chess.com"]
[Date "2020.05.19"]
[Round "5"]
[White "Titus369"]
[Black "floplover"]
[Result "1-0"]
[WhiteElo "2498"]
[BlackElo "2314"]
[TimeControl "180+1"]
[EndTime "12:57:35 PDT"]
[Termination "Titus369 won on time"]

1. e4 c6 2. d4 d5 3. Nd2 dxe4 4. Nxe4 Nd7 5. Ng5 Ngf6 6. Bc4 e6 7. N1f3 h6 8. Nh3 c5 9. O-O Qc7 10. Bf4 Bd6 11. Bxd6 Qxd6 12. Re1 O-O 13. dxc5 Qxc5 14. Bd3 b6 15. Qe2 Bb7 16. Rad1 Rac8 17. Nf4 Rfe8 18. Ne5 Nxe5 19. Qxe5 Qxe5 20. Rxe5 Red8 21. Ree1 Kf8 22. Ne2 Rd6 23. Nc3 a6 24. Bf1 Rcd8 25. Rxd6 Rxd6 26. Rd1 Ke7 27. f3 Rc6 28. Kf2 b5 29. a3 Rc5 30. Rd2 Bc6 31. Na2 a5 32. Nc1 Bd7 33. Nb3 Rh5 34. Nxa5 Rxh2 35. c4 bxc4 36.
Nxc4 g5 37. Ne5 h5 38. b3 g4 39. Kg1 g3 40. Rd4 Nd5 41. a4 Be8 42. a5 Ne3 43. a6 Bb5 44. Rh4 1-0

[Event "*** Titled Tuesday Blitz"]
[Site "Chess.com"]
[Date "2020.05.19"]
[Round "5"]
[White "Caterpiller35"]
[Black "Yashasd1995"]
[Result "1-0"]
[WhiteElo "2359"]
[BlackElo "2546"]
[TimeControl "180+1"]
[EndTime "12:57:35 PDT"]
[Termination "Caterpiller35 won on time"]

1. d4 Nf6 2. Bg5 d5 3. e3 Nbd7 4. f4 c5 5. c3 Ne4 6. Nf3 h6 7. Bh4 g5 8. Bg3 Qb6 9. Qb3 e6 10. Nbd2 Ndf6 11. Bb5+ Bd7 12. Bxd7+ Nxd7 13. Nxe4 dxe4 14.
Nd2 f5 15. Nc4 Qxb3 16. axb3 cxd4 17. exd4 b5 18. Na5 a6 19. O-O Nb6 20. fxg5 hxg5 21. Be5 Rh7 22. Rae1 g4 23. Ra1 Bh6 24. g3 Be3+ 25.
Kg2 Kd7 26. c4 Rah8 27. Bxh8 Rxh8 28. Nb7 bxc4 29. Nc5+ Kc6 30. Rxa6 Bxd4 31. Nxe6 Bxb2 32. bxc4 Re8 33. Rb1 Rxe6 34. Rxb2 Kb7 35. Ra5 Kc7 36.
Rc5+ 1-0